 Dungeon Crawl Stone Soup version 0.21.1-1-g345015f (webtiles) character file.

37 suicidejoker the Skirmisher (level 3, -6/24 HPs)
             Began as a Gargoyle Fighter on Mar 28, 2018.
             Mangled by Sigmund
             ... wielding a +0 scythe
              (7 damage)
             ... on level 2 of the Dungeon.
             The game lasted 00:02:37 (612 turns).

suicidejoker the Skirmisher (Gargoyle Fighter)       Turns: 612, Time: 00:02:38

Health: -6/24      AC: 10    Str: 24    XL:     3   Next: 39%
Magic:  3/3        EV:  7    Int:  8    God:
Gold:   84         SH:  9    Dex: 10    Spells: 2/2 levels left

rFire    . . .     SeeInvis .   a - +0 long sword
rCold    . . .     Gourm    .   c - +0 shield
rNeg     + . .     Faith    .   b - +0 scale mail
rPois    ∞         Spirit   .   (no helmet)
rElec    +         Reflect  .   (no cloak)
rCorr    .         Harm     .   (no gloves)
MR       .....                  (no boots)
Stlth    ..........             (no amulet)
HPRegen  0.08/turn              (no ring)
MPRegen  0.08/turn              (no ring)

@: mighty
A: negative energy resistance 1, electricity resistance, unbreathing,
petrification resistance, rot immunity, AC +3
a: no special abilities


You were on level 2 of the Dungeon.
You were not hungry.

You visited 1 branch of the dungeon, and saw 2 of its levels.

You collected 84 gold pieces.

Inventory:

Hand Weapons
 a - a +0 long sword (weapon)
Missiles
 e - 16 bolts
 g - 15 stones (quivered)
 j - 4 javelins
Armour
 b - a +0 scale mail (worn)
 c - a +0 shield (worn)
Scrolls
 i - a scroll of fear {unknown}
 k - a scroll of enchant weapon {unknown}
 l - a scroll of magic mapping {unknown}
Potions
 d - 2 potions of might
 h - a potion of cancellation
Comestibles
 f - 2 rations


   Skills:
 + Level 3.7 Fighting
 + Level 2.2 Long Blades
 + Level 3.7 Armour
 + Level 3.7 Shields


You had 2 spell levels left.
You didn't know any spells.

Dungeon Overview and Level Annotations

Branches:
Dungeon (2/15)

Altars:

Annotations:
D:2 Sigmund


Innate Abilities, Weirdness & Mutations

You are resistant to torment.
Your stone body is resilient. (AC +3)
You are immune to poison.
You resist negative energy. (rN+)
You are resistant to electric shocks. (rElec)
You can survive without breathing.
You are immune to petrification.
You are immune to rotting.


Message History

A dart slug comes into view.
You closely miss Sigmund.
Sigmund is heavily wounded.
The bat hits you but does no damage. You block Sigmund's attack.
You closely miss Sigmund.
Sigmund is heavily wounded.
The bat completely misses you.
You riposte.
You closely miss the bat.
Sigmund gestures wildly while chanting.
Sigmund flickers and vanishes!
Deactivating autopickup; reactivate with Ctrl-A.
The dart slug launches a dart at you. The slug dart hits you!
Something hits you!
* * * LOW HITPOINT WARNING * * *
It was a potion of cancellation.
You feel magically purged. The bat barely misses you.
The dart slug launches a dart at you. The slug dart misses you.
You feel very mighty all of a sudden. You block the bat's attack.
Something hits you!
You die...

#. .. #. .. # #.
.#.# #.##.#.# ......
##.#.# #
######..{.####.# #
.w.....@........ #
#####..b.....#.# #
#.#.$....#.#########
#.##.......##.......
#.##.##.#####.##.##.
#.......# #.##.##.
####.#### #.##.##.
#...# #.##.##. #..†#
#.##.##.


You could see a dart slug and a bat.

Vanquished Creatures
  An adder (D:2)
  A worm (D:2)
  A leopard gecko (D:2)
  A ball python (D:2)
  A bat (D:1)
  3 giant cockroaches
  2 goblins (D:1)
  3 hobgoblins (D:1)
  3 jackals (D:1)
  4 kobolds
  A frilled lizard (D:1)
21 creatures vanquished.

Notes
Turn   | Place    | Note
-------+----------+-------------------------------------------
     0 | D:1      | suicidejoker the Gargoyle Fighter began the quest for the Orb.
     0 | D:1      | Reached XP level 1. HP: 14/14 MP: 1/1
    78 | D:1      | Reached XP level 2. HP: 16/19 MP: 2/2
   398 | D:2      | Reached XP level 3. HP: 23/23 MP: 3/3
   592 | D:2      | Noticed Sigmund
   610 | D:2      | HP: 1/24 [something (9)]
   612 | D:2      | Mangled by Sigmund

Skill      XL: |  1  2 |
---------------+-------+-----
Long Blades    | 2 |  2.2
Fighting       | |  3.7
Armour         | |  3.7
Shields        | |  3.7

Action                   || total
-------------------------++-------
Melee: Long sword        ||    73
  Use: Potion            ||     2
Armor: Scale mail        ||    48
Dodge: Dodged            ||    49
Block: Shield            ||    43
       Rpst.: Long sword ||    15
